 Dungeon Crawl Stone Soup version 0.31-a0-705-ga145531891 (webtiles) character file.

Game seed: 17832455789611192914

477145 ragingrage the Slayer (level 23, -17/197 (226) HPs)
             Began as a White Draconian Shapeshifter on Sept 9, 2023.
             Was the Champion of Ru.
             Killed from afar by Josephina (46 damage)
             ... with an icy flash freeze
             ... on level 3 of the Realm of Zot.
             The game lasted 01:25:46 (57865 turns).

ragingrage the Slayer (DrSh)                       Turns: 57865, Time: 01:25:46

HP:   -17/197 (226) AC: 28    Str: 24    XL:     23   Next: 35%
MP:   20/26         EV: 11    Int: 15    God:    Ru [******]
Gold: 5152          SH:  9    Dex:  7    Spells: 16/26 levels left

rFire   + .          .
                       - Unarmed
rCold   + . .        X - +2 buckler {AC+3}
rNeg    + . .        (body armour unavailable)
rPois   +            T - +2 hat {Will+}
rElec   +            f - +2 cloak "Batir" {rPois rF+ Int+4 Dex-5}
rCorr   .            l - +2 pair of gloves "Ataesuk" {Regen+ Dex+2}
SInv    +            V - +1 pair of boots of Nihilism {rElec rN+ Stlth+}
Will    ++...        p - amulet of regeneration Stlth
                     g - +4 ring of protection
HPRegen 2.12/turn    N - ring "Aguinixe" {Will+ SInv}
MPRegen 0.20/turn

%: no passive effects
@: exhausted, maw-form, wereblooded (expiring), studying Transmutations, heavily
drained
A: devouring maw, breathe frost, AC +11, unfitting armour, clumsy 1, cold
resistance 1, dopey 1, cold-blooded, no stealth, inability to train dodging, no
hexes magic, no poison magic, no summoning magic, weak-willed 1
}: 3/15 runes: serpentine, barnacled, slimy
a: Breathe Frost, Begin Untransformation, Renounce Religion, Draw Out Power,
Power Leap, Apocalypse


You were on level 3 of the Realm of Zot.
You worshipped Ru.
Ru was exalted by your worship.
You were a creature with a mouth for a stomach.
You visited 11 branches of the dungeon, and saw 51 of its levels.
You visited 1 bazaar.

You collected 6468 gold pieces.
You spent 1316 gold pieces at shops.

Inventory:

Missiles
 d - 16 javelins (quivered)
 k - 40 silver javelins
 u - 8 curare-tipped darts
 U - 5 throwing nets
Armour
 f - the +2 cloak "Batir" (worn) {rPois rF+ Int+4 Dex-5}
   (You acquired it on level 2 of the Shoals)

   Int+4:     It affects your intelligence (+4).
   Dex-5:     It affects your dexterity (-5).
   rF+:       It protects you from fire.
   rPois:     It protects you from poison
 l - the +2 pair of gloves "Ataesuk" (worn) {Regen+ Dex+2}
   (You found it on level 13 of the Dungeon)

   Dex+2:     It affects your dexterity (+2).
   Regen+:    It increases your rate of health regeneration.
 T - a +2 hat of willpower (worn)
 V - the +1 pair of boots of Nihilism (worn) {rElec rN+ Stlth+}
   (You found it on level 4 of the Lair of Beasts)

   rElec:     It insulates you from electricity.
   rN+:       It protects you from negative energy.
   Stlth+:    It makes you more stealthy.
 X - a +2 buckler of protection (worn)
Jewellery
 g - a +4 ring of protection (left hand)
 m - a ring of protection from fire
 p - an amulet of regeneration (around neck)
 I - the ring "Zeteamm" {Str+3 Int+3 SInv}
   (You found it on level 3 of the Elven Halls)

   [ring of see invisible]

   Str+3:     It affects your strength (+3).
   Int+3:     It affects your intelligence (+3).
   SInv:      It lets you see invisible.
 N - the ring "Aguinixe" (right hand) {Will+ SInv}
   (You acquired it on level 3 of the Shoals)

   [ring of see invisible]

   Will+:     It increases your willpower.
   SInv:      It lets you see invisible.
Talismans
 b - a maw talisman (active)
Wands
 s - a wand of flame (22)
 x - a wand of iceblast (62)
 y - a wand of digging (13)
 B - a wand of acid (32)
 E - a wand of mindburst (46)
 G - a wand of paralysis (56)
Scrolls
 r - 9 scrolls of fog
 t - 8 scrolls of immolation
 v - 7 scrolls of blinking
 w - 3 scrolls of silence
 z - 6 scrolls of poison
 C - 15 scrolls of noise
 D - a scroll of revelation
 F - 4 scrolls of summoning
 H - 7 scrolls of fear
 J - 18 scrolls of teleportation
 S - 7 scrolls of vulnerability
Potions
 a - 7 potions of lignification
 e - 3 potions of haste
 h - 6 potions of berserk rage
 i - a potion of resistance
 j - 15 potions of curing
 n - 8 potions of attraction
 o - 11 potions of heal wounds
 A - 16 potions of brilliance
 K - 7 potions of enlightenment
 L - 4 potions of magic
 M - 4 potions of invisibility
 O - 9 potions of mutation
 P - 3 potions of might
 Q - a potion of cancellation
 W - 2 potions of ambrosia
Miscellaneous
 c - a phantom mirror
 q - a lightning rod (4/4)
 Y - a phial of floods
 Z - a box of beasts (inert)


   Skills:
 - Level 23.0 Fighting
 + Level 17.1 Throwing
 - Level 15.0 Shields
 - Level 21.0 Unarmed Combat
 - Level 2.0 Spellcasting
 - Level 4.0 Translocations
 - Level 10.0 Transmutations
 - Level 4.0 Earth Magic
 - Level 17.0 Evocations
 - Level 10.0 Shapeshifting


You had 16 spell levels left.
You knew the following spells:

 Your Spells              Type           Power      Damage    Failure   Level
a - Wereblood             Tmut           31%        N/A       1%          2
b - Manifold Assault      Tloc           13%        N/A       41%         4
c - Blink                 Tloc           26%        N/A       7%          2
d - Passwall              Tmut/Erth      18%        N/A       1%          2

Your spell library contained the following spells:

 Spells                   Type           Power      Damage    Failure   Level
 Lesser Beckoning         Tloc           26%        N/A       7%          2
 Petrify                  Tmut/Erth      22%        N/A       13%         4
 Gell's Gravitas          Tloc           13%        N/A       14%         3
 Teleport Other           Tloc           13%        N/A       14%         3
 Momentum Strike          Conj/Tloc      14%        3d8       16%         2
 Foxfire                  Conj/Fire      4%         2x1d4     24%         1
 Freeze                   Ice            4%         1d3       24%         1
 Kiss of Death            Conj/Necr      4%         2d5       24%         1
 Magic Dart               Conj           4%         1d3       24%         1
 Necrotise                Necr           4%         1d4       24%         1
 Stone Arrow              Conj/Erth      14%        3d7       30%         3
 Volatile Blastmotes      Fire/Tloc      14%        2d11      30%         3
 Searing Ray              Conj           2%         2d4       34%         2
 Static Discharge         Conj/Air       2%         2-3/arc   34%         2
 Sublimation of Blood     Necr           1%         N/A       34%         2
 Passage of Golubria      Tloc           13%        N/A       41%         4
 Frozen Ramparts          Ice            2%         1d1       56%         3
 Hailstorm                Conj/Ice       1%         3d3       56%         3
 Ozocubu's Armour         Ice            1%         N/A       56%         3
 Swiftness                Air            1%         N/A       56%         3
 Vampiric Draining        Necr           1%         2d6       56%         3
 Irradiate                Conj/Tmut      8%         3d14      63%         5
 Iskenderun's Mystic Bla  Conj/Tloc      7%         2d4       71%         4
 Lee's Rapid Deconstruct  Erth           6%         3d6*      77%         5
 Airstrike                Air            0%         2d(1-17)  93%         4
 Animate Dead             Necr           1%         N/A       93%         4
 Dispel Undead            Necr           1%         3d6       93%         4
 Borgnjor's Vile Clutch   Necr/Erth      3%         N/A       96%         5
 Agony                    Necr           1%         N/A       100%        5
 Arcjolt                  Conj/Air       0%         1d10      100%        5
 Death Channel            Necr           0%         N/A       100%        6
 Plasma Beam              Fire/Air       0%         2x1d10    100%        6
 Simulacrum               Ice/Necr       0%         N/A       100%        6
 Starburst                Conj/Fire      0%         6d3       100%        6
 Ozocubu's Refrigeration  Ice            0%         4d7       100%        7
 Infestation              Necr           0%         N/A       100%        8
 Lehudib's Crystal Spear  Conj/Erth      3%         10d3      100%        8
 Maxwell's Capacitive Co  Air            0%         ∞         100%        8
 Chain Lightning          Conj/Air       0%         2d1       100%        9
 Fire Storm               Conj/Fire      0%         6d1       100%        9
 Polar Vortex             Ice            0%         N/A       100%        9
 Shatter                  Erth           6%         3d9*      100%        9
 Slow                     Hex            Unusable   N/A       N/A         1
 Cigotuvi's Dreadful Rot  Necr/Pois/Air  Unusable   N/A       N/A         2
 Ensorcelled Hibernation  Hex/Ice        Unusable   N/A       N/A         2
 Jinxbite                 Hex            Unusable   N/A       N/A         2
 Confusing Touch          Hex            Unusable   N/A       N/A         3
 Dazzling Flash           Conj/Hex       Unusable   N/A       N/A         3
 Sigil of Binding         Hex            Unusable   N/A       N/A         3
 Tukima's Dance           Hex            Unusable   N/A       N/A         3
 Alistair's Intoxication  Tmut/Pois      Unusable   N/A       N/A         5
 Yara's Violent Unravell  Hex/Tmut       Unusable   3d5       N/A         5
 Animate Armour           Summ/Erth      Unusable   N/A       N/A         4
 Dimensional Bullseye     Hex/Tloc       Unusable   N/A       N/A         4
 Anguish                  Hex/Necr       Unusable   N/A       N/A         4
 Fulminant Prism          Conj/Hex       Unusable   3d5       N/A         4
 Summon Lightning Spire   Summ/Air       Unusable   N/A       N/A         4
 Summon Forest            Summ/Tloc      Unusable   N/A       N/A         5
 Eringya's Noxious Bog    Tmut/Pois      Unusable   4d6       N/A         6
 Metabolic Englaciation   Hex/Ice        Unusable   N/A       N/A         5
 Summon Mana Viper        Hex/Summ       Unusable   N/A       N/A         5
 Summon Cactus Giant      Summ           Unusable   N/A       N/A         6
 Haunt                    Necr/Summ      Unusable   N/A       N/A         7
 Summon Hydra             Summ           Unusable   N/A       N/A         7

Dungeon Overview and Level Annotations

Branches:
Dungeon (15/15)            Temple (1/1) D:6            Lair (5/5) D:11
 Shoals (4/4) Lair:3        Snake (4/4) Lair:3        Slime (5/5) Lair:4
    Orc (2/2) D:12            Elf (3/3) Orc:2        Vaults (4/5) D:14
  Crypt (0/3) Vaults:3     Depths (4/4) D:15            Zot (4/5) Depths:4

Altars:
Ashenzari
Cheibriados
Dithmenos
Elyvilon
Fedhas
Gozag
Hepliaklqana
Kikubaaqudgha
Makhleb
Nemelex Xobeh
Okawaru
Qazlal
Ru
Sif Muna
Trog
Uskayaw
Vehumet
Wu Jian
Xom
Yredelemnul
Zin
The Shining One
Jiyva

Shops:
D:3 !   D:4 (*   D:9 **   D:14 ((   Orc:2 :([*=   Elf:1 (([(   Elf:2 ??
Shoals:1 *   Shoals:3 *   Snake:1 [   Vaults:3 (   Depths:3 [

Portals:
Hell: Depths:1 Depths:2 Depths:3 Depths:4
Abyss: Depths:2 Depths:3
Pandemonium: Depths:2
Ziggurat: Depths:1
Trove: Vaults:1 (give 16 potions of curing)

Annotations:
Lair:3 2 transporters, Viapecw's ghost, journeyman TrBe
Shoals:1 3 runed translucent doors, exclusion: obsidian statue, Hiprater's ghost, adept MiBe
Elf:2 5 runed translucent doors
Zot:3 Josephina


Innate Abilities, Weirdness & Mutations

You are a creature with a mouth for a stomach.
Your midsection houses a second, enormous mouth.
You can breathe waves of freezing cold which knock back foes.
Your icy white scales are hard. (AC +11)
You cannot fit into any form of body armour.
You are clumsy. (Dex -2)
Your flesh is cold resistant. (rC+)
You are dopey. (Int -2)
You are cold-blooded and may be slowed by cold attacks.
You cannot be stealthy.
You cannot train Dodging skill.
You cannot study or cast Hexes magic.
You cannot study or cast Poison magic.
You cannot study or cast Summoning magic.
You are slightly weak-willed. (Will-)


Message History

The storm dragon holds its ground!
The storm dragon dies!
The black draconian knight falters for a moment.
You pummel Josephina!! You bite Josephina.
The curse toe calls on the powers of darkness!
The storm dragon convulses!
The red draconian convulses!
The green draconian monk convulses!
The white draconian convulses!
The green draconian convulses!
The black draconian knight convulses!
The red draconian convulses!
Your body is wracked with pain!
Unknown command.
The black draconian knight closely misses you.
Josephina hits you with a staff of cold!
Josephina freezes you!! You resist.
* * * LOW HITPOINT WARNING * * *
Josephina freezes you.
* * * LOW HITPOINT WARNING * * *
Josephina misses you.
The black draconian knight falters for a moment.
You climb upwards.
Your summoned ally is left behind.
There is a stone staircase leading down, spattered with blood here.
You see here a +0 war axe.
Unknown command.
You closely miss Josephina.
Your tail-slap misses Josephina.
Josephina hits you with a staff of cold.
* * * LOW HITPOINT WARNING * * *
Josephina freezes you!! You resist.
* * * LOW HITPOINT WARNING * * *
Josephina freezes you!
* * * LOW HITPOINT WARNING * * *
Josephina touches you!
* * * LOW HITPOINT WARNING * * *
You completely miss Josephina.
Your primal bloodlust is almost over.
Josephina is stunned by your conviction and fails to attack.
Unknown command.
You feel much better. Josephina casts a spell at you.
The icy flash freeze hits you!!! You partially resist.
You die...

##### ####### ######## #...#
#.....# #....... #...#
#.....# #.......
#...#####.....####.......
#......................##
#.......WL.....).).....#
#####........[..[..........##
#....)#################.....#
#.....# #.....# #.....#
#.....# #.....# #.....#
#.....# ###.... #.....# #....
#.....# ####....


You could see Josephina.

Vanquished Creatures
  the Royal Jelly (Slime:5)
  Tiamat (Zot:1)
  An orb of fire (Zot:3)
  A juggernaut (Depths:4)
  Vv (Zot:2)
  Saint Roka (Orc:2)
  Frederick (Vaults:3)
  A curse toe (Zot:2)
  2 golden dragons
  Norris (Vaults:2)
  A bone dragon (Depths:1)
  2 electric golems
  Rupert (Orc:2)
  3 liches
  2 tentacled monstrosities (Zot:2)
  Zenata (Vaults:2)
  12 acid blobs
  Asterion (Vaults:1)
  An acid blob (shapeshifter) (Elf:3)
  2 deep elf master archers (Elf:3)
  4 sphinxes
  Gastronok (Lair:2)
  5 death cobs
  Agnes (Elf:2)
  2 krakens (Shoals:2)
  4 shadow dragons
  A tengu reaver (Depths:3)
  6 storm dragons
  Roxanne (Elf:2)
  A draconian monk (Depths:4)
  Kirke (D:12)
  6 nagarajas
  6 rockslimes
  8 azure jellies
  3 draconian knights
  8 fire giants
  5 frost giants
  4 draconian scorchers
  6 deep elf sorcerers
  15 vault wardens
  A ghoul (Vaults:3)
  2 draconian shifters (Zot:2)
  2 orc warlords
  2 deep elf elementalists (Elf:3)
  An angel (Shoals:4)
  A balrug (Depths:3)
  A formless jellyfish (Vaults:1)
  A reaper (Depths:3)
  4 draconian stormcallers
  6 ironbound thunderhulks
  15 ironbound preservers
  11 quicksilver oozes
  2 war gargoyles (Depths:3)
  10 very ugly things
  5 stone giants
  2 deep elf demonologists (Elf:3)
  5 green draconians
  4 black draconians
  Nessos (D:12)
  2 vampire knights
  9 deep elf annihilators
  12 dire elephants
  8 red draconians
  5 purple draconians
  6 white draconians
  11 yellow draconians
  10 deep elf death magi
  4 crystal guardians
  3 fire dragons
  9 ettins
  14 merfolk impalers
  14 merfolk javelineers
  6 deep elf high priests
  8 great orbs of eyes
  3 ice dragons
  A quicksilver dragon skeleton (Depths:1)
  2 entropy weavers (Vaults:2)
  9 vault guards
  3 ogre magi
  2 rakshasas
  2 salamander tyrants (Snake:4)
  2 spriggan air magi
  A hydra (D:15)
  10 yaktaur captains
  2 peacekeepers
  4 centaur warriors
  A hell beast (Depths:3)
  11 ironbound frosthearts
  5 anacondas
  Erica (D:8)
  4 merfolk avatars
  3 ghost crabs (Depths:1)
  An alligator snapping turtle (Shoals:4)
  2 catoblepae
  7 merfolk aquamancers
  12 boulder beetles
  2 two-headed ogres
  14 dancing weapons
  3 tengu warriors
  2 satyrs
  9 deep troll shamans
  2 death yaks (Lair:5)
  A sphinx skeleton (Vaults:4)
  8 deep troll earth magi
  6 vampire magi
  14 naga warriors
  9 naga sharpshooters
  4 orc high priests
  Urug (D:12)
  4 shock serpents
  4 spriggan berserkers
  4 hell knights (Depths:2)
  10 skysharks
  15 deep elf knights
  7 iron trolls
  6 salamander mystics
  A skeletal warrior (D:14)
  A spectral death yak (Lair:5)
  5 glowing orange brains
  A quicksilver dragon simulacrum (Depths:3)
  3 cherubim (Shoals:4)
  32 deep trolls
  A flayed ghost (Depths:1)
  An orange crystal statue (Lair:3)
  A spectral anaconda (Lair:5)
  An orb spider (shapeshifter) (Vaults:4)
  5 wizards
  8 sea snakes
  10 deep elf archers
  An obsidian statue (Lair:5)
  7 naga ritualists (Snake:4)
  4 lindwurms
  12 necromancers
  14 ironbound convokers
  29 deep elf pyromancers
  A phantasmal warrior (D:15)
  15 harpies
  20 deep elf zephyrmancers
  2 golden dragon skeletons
  6 orc knights
  14 manticores
  8 mana vipers
  2 oklob plants (Lair:4)
  A sphinx simulacrum (Vaults:4)
  5 ugly things
  7 orc sorcerers
  A shadow dragon skeleton (Depths:1)
  A stone giant zombie (D:15)
  17 salamanders
  3 shining eyes
  An elf zombie (Vaults:1)
  11 cyclopes
  8 elephants (Lair:5)
  8 fauns
  Joseph (D:7)
  Maurice (D:9)
  18 black mambas
  7 merfolk sirens
  5 guardian serpents (Snake:4)
  8 cane toads
  9 moths of wrath
  14 vault sentinels
  5 water nymphs (Shoals:4)
  Jeremiah (D:8)
  17 naga magi
  4 rime drakes
  6 gargoyles
  A spriggan zombie (D:15)
  An unseen horror (D:9)
  2 kobold demonologists
  A human zombie (Vaults:4)
  A freezing wraith (Vaults:3)
  23 yaktaurs
  15 komodo dragons
  4 tengu conjurers
  A komodo dragon (shapeshifter) (D:14)
  A golden dragon simulacrum (Depths:1)
  A guardian mummy (D:14)
  3 meliai (D:15)
  3 trolls
  49 merfolk
  A polar bear (Lair:2)
  A yaktaur skeleton (Vaults:1)
  A meliai (shapeshifter) (Depths:4)
  2 tengu simulacra
  4 wind drakes
  3 hornets
  18 dream sheep
  11 blink frogs
  A fire giant simulacrum (Depths:3)
  7 snapping turtles
  A jumping spider (shapeshifter) (D:14)
  A shadow (D:11)
  4 air elementals
  94 slime creatures
  Sigmund (D:4)
  7 water elementals
  An elf skeleton (Vaults:1)
  3 small abominations (Depths:1)
  An ettin skeleton (D:15)
  3 humans (D:14)
  5 wraiths
  3 wyverns
  6 hogs (D:12)
  4 basilisks
  4 fire elementals
  53 yaks
  Grum (D:9)
  3 golden eyes (Slime:4)
  A redback (Vaults:2)
  10 vampire mosquitoes
  5 steam dragons
  A tengu zombie (D:15)
  A death yak simulacrum (Lair:5)
  Edmund (D:4)
  6 wargs (Orc:2)
  14 water moccasins
  35 nagas
  An acid dragon (D:13)
  2 floating eyes
  A swamp drake (shapeshifter) (D:15)
  37 orc warriors
  A glowing shapeshifter skeleton (Vaults:1)
  An elephant zombie (Lair:5)
  An ice beast (D:8)
  3 black bears
  9 ogres
  3 wolves (D:9)
  10 boggarts
  6 centaurs
  3 kobold brigands
  A phantom (D:6)
  12 bullfrogs
  A gnoll sergeant (D:5)
  A glowing shapeshifter simulacrum (Depths:1)
  2 scorpions
  4 earth elementals
  8 wights
  2 elephant simulacra (Lair:5)
  A troll skeleton (D:9)
  7 spriggan skeletons
  6 howler monkeys
  4 lava snakes (Lair:3)
  5 hounds
  4 jellies
  2 gnoll boudas
  23 orc priests
  A sleepcap (D:6)
  2 iguanas
  29 orc wizards
  6 hell rats (Lair:5)
  23 gnolls
  6 adders
  A white imp (D:6)
  An ufetubus (D:5)
  3 dart slugs
  100 orcs
  8 endoplasms
  5 giant cockroaches
  4 goblins
  7 hobgoblins
  5 quokkas
  8 ball pythons
  4 bats
  2 frilled lizards (D:2)
  17 kobolds
  3 rats
  7 tentacles
1726 creatures vanquished.

Vanquished Creatures (collateral kills)
  3 acid blobs (Slime:5)
  A storm dragon (Zot:4)
  2 azure jellies (Slime:5)
  A draconian monk (Zot:2)
  A quicksilver ooze (Slime:5)
  An ironbound preserver (Vaults:2)
  2 deep trolls (Vaults:2)
  A slime creature (Slime:5)
12 creatures vanquished.

Vanquished Creatures (others)
  Boris (Depths:3)
  A golden dragon (Depths:4)
  2 deep elf blademasters (Elf:2)
  A kraken (Shoals:3)
  A draconian scorcher (Zot:2)
  A green draconian (Zot:2)
  A stone giant (Depths:4)
  A merfolk javelineer (Shoals:4)
  2 merfolk impalers
  A rakshasa (Depths:3)
  An anaconda (Snake:1)
  A vault guard (Vaults:1)
  A centaur warrior (Shoals:1)
  A merfolk aquamancer (Shoals:2)
  A tengu warrior (Depths:1)
  A naga sharpshooter (Snake:4)
  2 deep elf knights
  A sea snake (Shoals:3)
  A harpy (Shoals:1)
  A deep elf zephyrmancer (Elf:3)
  2 deep elf archers
  A salamander (Snake:3)
  A manticore (Shoals:4)
  2 vault sentinels
  A cane toad (Lair:3)
  A yaktaur (Vaults:1)
  2 merfolk
  A wyvern (Lair:4)
  An orc warrior (Orc:2)
  4 orc wizards
  An orc (D:8)
  A spectral weapon (Vaults:1)
  24 tentacles
65 creatures vanquished.

Grand Total: 1803 creatures vanquished

Notes
Turn   | Place    | Note
-------+----------+-------------------------------------------
     0 | D:1      | ragingrage the Draconian Shapeshifter began the quest for
                  | the Orb.
     0 | D:1      | Reached XP level 1. HP: 16/16 MP: 1/1
   229 | D:1      | Reached XP level 2. HP: 21/23 MP: 2/2
   842 | D:2      | Reached XP level 3. HP: 18/28 MP: 3/3
  1105 | D:2      | Reached XP level 4. HP: 25/35 MP: 4/4
  1823 | D:3      | Found Icwedu's Distillery.
  1831 | D:3      | Bought a potion of curing for 33 gold pieces
  1831 | D:3      | Bought a potion of heal wounds for 55 gold pieces
  2355 | D:4      | Found a snail-covered altar of Cheibriados.
  2372 | D:4      | Noticed Sigmund
  2388 | D:4      | Killed Sigmund
  2389 | D:4      | Reached skill level 2 in Fighting
  2389 | D:4      | Reached XP level 5. HP: 13/44 MP: 5/5
  2389 | D:4      | Reached XP level 6. HP: 15/50 MP: 6/6
  2566 | D:4      | Reached skill level 3 in Fighting
  2566 | D:4      | Reached skill level 5 in Unarmed Combat
  2652 | D:4      | Found a shimmering altar of Xom.
  2829 | D:4      | Found Dathruot's Weapon Boutique.
  2921 | D:4      | Found Hiamoa's Elemental Accessories.
  3291 | D:4      | Reached skill level 5 in Shapeshifting
  3320 | D:4      | Found an ornate altar of the Wu Jian Council.
  3325 | D:4      | Found an opulent altar of Gozag.
  3329 | D:4      | Found a shimmering blue altar of Sif Muna.
  3390 | D:4      | Noticed Edmund
  3401 | D:4      | Killed Edmund
  3402 | D:4      | Your scales start taking on an icy white colour.
  3402 | D:4      | Reached XP level 7. HP: 46/57 MP: 7/7
  3402 | D:4      | Gained mutation: Your flesh is cold resistant. (rC+) [White
                  | Draconian growth]
  3466 | D:5      | Entered Level 5 of the Dungeon
  3677 | D:5      | Reached skill level 4 in Fighting
  3947 | D:5      | Reached XP level 8. HP: 45/66 MP: 8/8
  4689 | D:6      | Found a staircase to the Ecumenical Temple.
  4702 | Temple   | Entered the Ecumenical Temple
  4738 | Temple   | Became a worshipper of Ru the Awakened
  5123 | D:7      | Found a hide-covered altar of Uskayaw.
  5154 | D:7      | Noticed Joseph
  5171 | D:7      | Killed Joseph
  5172 | D:7      | Reached XP level 9. HP: 14/71 MP: 9/9
  5591 | D:7      | Reached skill level 10 in Unarmed Combat
  5886 | D:6      | Reached skill level 1 in Evocations
  6388 | D:6      | Gained mutation: You cannot be stealthy. [Ru sacrifice]
  6433 | D:8      | Reached skill level 5 in Fighting
  6433 | D:8      | Reached XP level 10. HP: 58/81 MP: 10/10
  7230 | D:8      | Noticed Jeremiah
  7696 | D:8      | Found a shadowy altar of Dithmenos.
  7789 | D:8      | Noticed Erica
  7815 | D:8      | Killed Erica
  7816 | D:8      | Reached skill level 6 in Fighting
  8064 | D:9      | Noticed Maurice
  8079 | D:9      | Killed Maurice
  8510 | D:8      | Killed Jeremiah
  8511 | D:8      | Reached skill level 7 in Fighting
  8579 | D:9      | Found Biseyd's General Store.
  8581 | D:9      | Found Uvestreo's Specific Store.
  8589 | D:9      | Bought a scroll of teleportation for 48 gold pieces
  8678 | D:9      | Reached skill level 8 in Fighting
  8781 | D:9      | Noticed Grum
  9054 | D:9      | Reached XP level 11. HP: 76/95 MP: 11/11
  9148 | D:9      | Reached skill level 9 in Fighting
  9212 | D:9      | Found a glowing golden altar of the Shining One.
  9333 | D:9      | Killed Grum
  9933 | D:10     | Entered Level 10 of the Dungeon
 10133 | D:10     | Noticed a two-headed ogre
 10141 | D:10     | Killed a two-headed ogre
 10142 | D:10     | Reached skill level 10 in Fighting
 10274 | D:10     | Noticed a deep elf pyromancer
 10288 | D:10     | Killed a deep elf pyromancer
 10289 | D:10     | Reached skill level 5 in Evocations
 10651 | D:10     | Gained mutation: You cannot train Dodging skill. [Ru
                  | sacrifice]
 10651 | D:10     | Reached * piety under Ru
 10651 | D:10     | Reached ** piety under Ru
 10651 | D:10     | Reached *** piety under Ru
 11119 | D:11     | Found a staircase to the Lair.
 11605 | D:11     | Noticed a cyan ugly thing
 11620 | D:11     | Killed a green ugly thing
 11809 | Lair:1   | Entered Level 1 of the Lair of Beasts
 11906 | Lair:1   | Reached skill level 11 in Fighting
 12692 | Lair:1   | Reached XP level 12. HP: 111/111 MP: 12/12
 13016 | Lair:2   | Reached skill level 12 in Fighting
 13160 | Lair:2   | Gained mutation: You are slightly weak-willed. (Will-) [Ru
                  | sacrifice]
 13160 | Lair:2   | Reached **** piety under Ru
 13160 | Lair:2   | Reached ***** piety under Ru
 13242 | Lair:2   | Noticed Gastronok
 13287 | Lair:2   | Killed Gastronok
 13681 | D:4      | Bought a lightning rod (4/4) for 560 gold pieces
 13903 | Lair:2   | Reached skill level 15 in Unarmed Combat
 14655 | Lair:3   | You fall into a shaft and drop 2 floors!
 14655 | Lair:5   | Entered Level 5 of the Lair of Beasts
 14665 | Lair:5   | Noticed a dire elephant
 14679 | Lair:5   | Killed a dire elephant
 14874 | Lair:5   | Noticed a death yak
 14879 | Lair:5   | Reached skill level 13 in Fighting
 14890 | Lair:5   | Killed a death yak
 15254 | Lair:5   | Noticed a dire elephant
 15272 | Lair:5   | Killed a dire elephant
 15327 | Lair:5   | Noticed a death yak
 15485 | Lair:5   | Killed a death yak
 15501 | Lair:5   | Noticed a dire elephant
 15501 | Lair:5   | Noticed a dire elephant
 15512 | Lair:5   | Reached skill level 14 in Fighting
 15575 | Lair:5   | Reached XP level 13. HP: 93/124 MP: 13/13
 15841 | Lair:5   | Found a basalt altar of Yredelemnul.
 15852 | Lair:5   | Reached skill level 15 in Fighting
 16449 | Lair:5   | Reached skill level 16 in Fighting
 17050 | Lair:5   | Gained mutation: You cannot study or cast Poison magic. [Ru
                  | sacrifice]
 17050 | Lair:5   | Gained mutation: You cannot study or cast Hexes magic. [Ru
                  | sacrifice]
 17050 | Lair:5   | Gained mutation: You cannot study or cast Summoning magic.
                  | [Ru sacrifice]
 17279 | Lair:5   | Identified the +1 hat "Festrapo" {rN+}
 18122 | Lair:4   | Found a viscous altar of Jiyva.
 18126 | Lair:4   | Found a staircase to the Slime Pits.
 18852 | Lair:4   | Reached skill level 17 in Fighting
 18870 | Lair:4   | Identified the +1 pair of boots of Nihilism {rElec rN+
                  | Stlth+}
 19022 | Lair:4   | Gained mutation: You are dopey. (Int -2) [Ru sacrifice]
 19408 | Lair:3   | Found a staircase to the Snake Pit.
 19511 | Lair:3   | Found a staircase to the Shoals.
 19612 | Lair:3   | Noticed Viapecw's ghost (journeyman TrBe)
 19828 | Lair:3   | Found a transporter.
 19833 | Lair:3   | Found a transporter.
 20274 | D:12     | Noticed Nessos
 20282 | D:12     | Killed Nessos
 20284 | D:12     | Reached XP level 14. HP: 106/124 MP: 5/14
 20832 | D:12     | Noticed Urug
 21043 | D:12     | Found a staircase to the Orcish Mines.
 21081 | D:12     | You fall into a shaft and drop 3 floors!
 21081 | D:15     | Entered Level 15 of the Dungeon
 21107 | D:14     | Gained mutation: You are clumsy. (Dex -2) [Ru sacrifice]
 21107 | D:14     | Reached ****** piety under Ru
 21340 | D:14     | Found Sakloino's Antique Weapon Boutique.
 21485 | D:14     | Identified the +8 mace "Homef" {freeze, *Corrode rPois
                  | rC+++}
 22085 | D:15     | Found a staircase to the Depths.
 22798 | D:14     | Found Jaatawno's Antique Weapon Emporium.
 23013 | D:13     | Identified the +2 pair of gloves "Ataesuk" {Regen+ Dex+2}
 23181 | D:13     | Reached skill level 18 in Fighting
 23777 | D:14     | Found a gate to the Vaults.
 23829 | Orc:1    | Entered Level 1 of the Orcish Mines
 23895 | Orc:2    | Entered Level 2 of the Orcish Mines
 23898 | Orc:2    | Noticed Saint Roka
 23904 | Orc:2    | Noticed Rupert
 23918 | Orc:2    | Killed Saint Roka
 23921 | Orc:2    | Paralysed by Rupert for 5 turns
 24011 | Orc:2    | Killed Rupert
 24134 | Orc:2    | Noticed an orc warlord
 24231 | Orc:1    | Killed an orc warlord
 24875 | D:12     | Noticed Kirke
 24881 | D:12     | Reached XP level 15. HP: 93/110 MP: 6/15
 24884 | D:12     | Killed Kirke
 25006 | D:12     | Paralysed by Urug for 3 turns
 25013 | D:12     | Killed Urug
 26246 | Orc:2    | Found Ydwem's Antique Armour Emporium.
 26247 | Orc:2    | Found Tanwonommi's Antique Weapon Shoppe.
 26249 | Orc:2    | Found Igas's General Store.
 26249 | Orc:2    | Found Wolifec's Jewellery Emporium.
 26432 | Orc:2    | Learned a level 2 spell: Blink
 26529 | Orc:2    | Reached skill level 1 in Translocations
 26773 | Orc:2    | Found Kentol's Book Emporium.
 26864 | Orc:2    | Found a staircase to the Elven Halls.
 27860 | D:15     | Found a sacrificial altar of Ru.
 28178 | D:15     | Found a runed translucent door.
 28547 | Snake:1  | Entered Level 1 of the Snake Pit
 28657 | Snake:1  | Reached skill level 10 in Shapeshifting
 28753 | Snake:1  | Found Gamafog's Antique Armour Emporium.
 28928 | Snake:1  | You fall into a shaft and drop 1 floor!
 29642 | Snake:1  | Identified the +7 chain mail of the Gardener {rPois Str+3}
 29871 | Snake:2  | Reached skill level 19 in Fighting
 29871 | Snake:2  | Reached XP level 16. HP: 151/160 MP: 16/16
 30260 | Snake:2  | Learned a level 4 spell: Manifold Assault
 30898 | Snake:3  | Reached skill level 20 in Fighting
 30902 | Snake:3  | Reached skill level 1 in Shields
 31081 | Snake:4  | Entered Level 4 of the Snake Pit
 31218 | Snake:4  | Reached skill level 5 in Shields
 32012 | Snake:4  | Got a serpentine rune of Zot
 32094 | Snake:4  | Reached skill level 10 in Shields
 32725 | Shoals:1 | Entered Level 1 of the Shoals
 32749 | Shoals:1 | Reached XP level 17. HP: 144/147 MP: 17/17
 32783 | Shoals:1 | Found a flickering gateway to a bazaar.
 32801 | Bazaar   | Entered a bazaar
 32805 | Bazaar   | Found Meucot's Antique Armour Boutique.
 32813 | Bazaar   | Found Nuodov's General Store.
 32824 | Bazaar   | Found Cetseled's Magic Scroll Emporium.
 32832 | Bazaar   | Bought a scroll of fear for 68 gold pieces
 32832 | Bazaar   | Bought a scroll of revelation for 127 gold pieces
 32832 | Bazaar   | Bought a scroll of poison for 68 gold pieces
 32835 | Bazaar   | Found Goseusow's Antique Weapon Shop.
 32843 | Bazaar   | Found Taem's Book Shop.
 32873 | Bazaar   | Bought a potion of mutation for 88 gold pieces
 32873 | Bazaar   | Bought a wand of iceblast (3) for 79 gold pieces
 33008 | Shoals:1 | Identified the +1 leather armour of the End {rElec}
 33153 | Shoals:1 | Found a runed translucent gate.
 33154 | Shoals:1 | Found a runed translucent gate.
 33155 | Shoals:1 | Found an opulent altar of Gozag.
 33155 | Shoals:1 | Found a runed translucent gate.
 33156 | Shoals:1 | Noticed Hiprater's ghost (adept MiBe)
 33173 | Shoals:1 | You fall into a shaft and drop 1 floor!
 33512 | Shoals:1 | Found Vutsipn's Assorted Antiques.
 33846 | Shoals:2 | Identified 2 scrolls of acquirement
 33847 | Shoals:2 | Acquired the +2 cloak "Batir" {rPois rF+ Int+4 Dex-5}
 33891 | Shoals:2 | Noticed a kraken
 33897 | Shoals:2 | Killed a kraken
 34029 | Shoals:2 | Noticed a kraken
 34557 | Shoals:2 | Killed a kraken
 34636 | Shoals:2 | Reached skill level 10 in Evocations
 34649 | Shoals:2 | Reached skill level 1 in Throwing
 35491 | Shoals:3 | Identified the +6 trident "Qarph" {flame, Fly rCorr Str+3}
 35501 | Shoals:3 | Found Hatizam's Assorted Antiques.
 35768 | Shoals:3 | Noticed a kraken
 35794 | Shoals:3 | Killed a kraken
 36230 | Shoals:4 | Entered Level 4 of the Shoals
 36407 | Shoals:4 | Reached XP level 18. HP: 140/156 MP: 9/18
 36655 | Shoals:4 | Reached skill level 5 in Throwing
 36740 | Shoals:4 | Found a white marble altar of Elyvilon.
 36945 | Shoals:4 | Found a glowing golden altar of the Shining One.
 37083 | Shoals:4 | Found a glowing silver altar of Zin.
 37301 | Shoals:4 | Got a barnacled rune of Zot
 37745 | Elf:1    | Entered Level 1 of the Elven Halls
 37747 | Elf:1    | Found Ufasa's Weapon Boutique.
 38045 | Elf:1    | Learned a level 2 spell: Wereblood
 38131 | Elf:1    | Found Kujeapni's Antique Weapon Shop.
 38133 | Elf:1    | Found Vife Kaha's Antique Armour Boutique.
 38137 | Elf:1    | Found Ossaudy's Weapon Shop.
 38622 | Elf:1    | Acquired the ring "Aguinixe" {Will+ SInv}
 38649 | Elf:2    | Noticed Roxanne
 39059 | Elf:2    | Found Poaroze's Magic Scroll Emporium.
 39059 | Elf:2    | Found Ixtewk's Magic Scroll Shoppe.
 39074 | Elf:2    | Bought a scroll of identify for 34 gold pieces
 39081 | Elf:2    | Bought a scroll of fear for 48 gold pieces
 39081 | Elf:2    | Bought 3 scrolls of teleportation for 108 gold pieces
 39139 | Elf:2    | Noticed Agnes
 39147 | Elf:2    | Killed Agnes
 39150 | Elf:2    | Found a huge runed translucent gate.
 39150 | Elf:2    | Found a huge runed translucent gate.
 39150 | Elf:2    | Found a huge runed translucent gate.
 39151 | Elf:2    | Found a huge runed translucent gate.
 39171 | Elf:2    | Found a huge runed translucent gate.
 39655 | Elf:2    | Killed Roxanne
 39782 | Elf:3    | Entered Level 3 of the Elven Halls
 40028 | Elf:3    | Reached skill level 10 in Throwing
 40322 | Elf:3    | Noticed an Ice Fiend
 40323 | Elf:3    | Reached XP level 19. HP: 132/180 MP: 10/19
 40446 | Elf:3    | Noticed a golden dragon
 40446 | Elf:3    | a golden dragon changed into a shard shrike
 40446 | Elf:3    | Noticed a shard shrike (glowing shapeshifter)
 40456 | Elf:3    | a titan changed into a juggernaut
 40456 | Elf:3    | Noticed a juggernaut (glowing shapeshifter)
 40461 | Elf:3    | a juggernaut changed into a rockslime
 40466 | Elf:3    | a ghostly rockslime changed into a ghostly iron giant
 40466 | Elf:3    | Noticed a ghostly iron giant (glowing shapeshifter)
 40470 | Elf:3    | a ghostly iron giant changed into a ghostly caustic shrike
 40470 | Elf:3    | Noticed a ghostly caustic shrike (glowing shapeshifter)
 40472 | Elf:3    | a ghostly caustic shrike changed into a ghostly acid blob
 40592 | Elf:3    | Identified the +2 battleaxe of Zuono {heavy, rC+ Stlth+}
 40632 | Elf:3    | Identified the +1 dire flail of Jamihuupt {freeze, Str-4
                  | Dex+4 SInv}
 40733 | Elf:3    | Identified the +10 arbalest of Twilight {freeze, Dex+3}
 40755 | Elf:3    | Identified the ring "Zeteamm" {Str+3 Int+3 SInv}
 40759 | Elf:3    | Got the Guide on Trauma
 40762 | Elf:3    | Identified the +1 broad axe "Hell-Harrower" {freeze, *Slow
                  | rC+ rN+ Dex+3}
 41438 | Vaults:1 | Entered Level 1 of the Vaults
 41440 | Vaults:1 | You fall into a shaft and drop 1 floor!
 41514 | Vaults:2 | Reached skill level 1 in Transmutations
 41855 | Vaults:1 | Found a portal to a secret trove of treasure.
 42277 | Vaults:1 | Reached skill level 5 in Transmutations
 42822 | Vaults:1 | Noticed Asterion
 42831 | Vaults:1 | Killed Asterion
 43256 | Vaults:2 | Noticed Norris
 43276 | Vaults:2 | Killed Norris
 43466 | Vaults:2 | Reached XP level 20. HP: 170/177 MP: 20/20
 43615 | Vaults:2 | Noticed Zenata
 43626 | Vaults:2 | Killed Zenata
 43940 | Vaults:2 | Reached skill level 15 in Throwing
 44149 | Vaults:2 | Reached skill level 1 in Spellcasting
 44863 | Vaults:3 | Found Ruocuroh's Antique Weapon Shoppe.
 45213 | Vaults:3 | Noticed Frederick
 45234 | Vaults:3 | Killed Frederick
 45851 | Vaults:3 | Found a staircase to the Crypt.
 47217 | Vaults:4 | Reached XP level 21. HP: 194/194 MP: 24/24
 47648 | Depths:1 | Entered Level 1 of the Depths
 47887 | Depths:1 | Found a gateway to Hell.
 47906 | Depths:1 | Paralysed by a floating eye for 4 turns
 47941 | Depths:1 | Found a one-way gateway to a ziggurat.
 48210 | Depths:2 | Found a one-way gate leading to the halls of Pandemonium.
 48211 | Depths:2 | Found a one-way gate to the infinite horrors of the Abyss.
 48235 | Depths:2 | Reached skill level 21 in Fighting
 48297 | Depths:2 | Found a sparkling altar of Nemelex Xobeh.
 48603 | Depths:1 | You fall into a shaft and drop 1 floor!
 49021 | Depths:1 | Got Gepugint's Folio of Blasphemous Ceremonies
 49739 | Depths:3 | Found Keuhaxtiat's Armour Boutique.
 49967 | Depths:2 | Found the +6 Majin-Bo {spellvamp, MP+6 Int+6}
 50441 | Depths:3 | Paralysed by an air elemental for 1 turns
 50450 | Depths:3 | Paralysed by an air elemental for 1 turns
 50517 | Depths:3 | Reached skill level 15 in Evocations
 50742 | Depths:3 | Noticed Boris
 50759 | Depths:3 | Killed Boris
 50801 | Depths:4 | Entered Level 4 of the Depths
 50950 | Depths:4 | Found a gate to the Realm of Zot.
 50950 | Depths:4 | Noticed a golden dragon
 50960 | Depths:4 | Killed a golden dragon
 51087 | Depths:4 | Reached XP level 22. HP: 190/194 MP: 25/25
 51177 | Depths:4 | Noticed a juggernaut
 51190 | Depths:4 | Killed a juggernaut
 51421 | Depths:4 | Reached skill level 22 in Fighting
 52105 | Slime:1  | Entered Level 1 of the Pits of Slime
 52862 | Slime:5  | Entered Level 5 of the Pits of Slime
 53108 | Slime:5  | Noticed the Royal Jelly
 53121 | Slime:5  | Killed the Royal Jelly
 53242 | Slime:5  | Got a slimy rune of Zot
 53285 | Slime:5  | Identified the +9 short sword of Ascent {protect, *Slow
                  | rC+++ Int-2 Stlth+}
 53370 | Slime:5  | Identified the ring "Icowerut" {rPois rC- rCorr Str+2}
 53382 | Slime:5  | Acquired a manual of Transmutations
 53427 | Slime:5  | Learned a level 2 spell: Passwall
 53836 | Zot:1    | Entered Level 1 of the Realm of Zot
 53851 | Zot:1    | Noticed a golden dragon
 53853 | Zot:1    | Reached skill level 1 in Earth Magic
 53899 | Zot:1    | Killed a golden dragon
 53988 | Zot:1    | Reached skill level 23 in Fighting
 55110 | Zot:2    | Identified the +5 mace "Raopilyut" {flame, rPois rC+ rCorr
                  | Str-4}
 55134 | Zot:2    | Noticed Vv
 55167 | Zot:2    | Killed Vv
 55410 | Zot:2    | Reached skill level 10 in Transmutations
 55411 | Zot:2    | Found the +4 dragonskin cloak
 55411 | Zot:2    | Noticed Tiamat
 55984 | Zot:1    | Killed Tiamat
 55985 | Zot:1    | Reached XP level 23. HP: 55/196 MP: 19/26
 56433 | Zot:2    | Noticed a curse toe
 56447 | Zot:2    | Killed a curse toe
 57013 | Zot:3    | Noticed an orb of fire
 57016 | Zot:3    | Killed an orb of fire
 57373 | Zot:3    | Reached skill level 15 in Shields
 57853 | Zot:4    | Identified the ring of Xuboacwalo {Ice rN+ Will++}
 57853 | Zot:4    | Noticed Josephina
 57855 | Zot:4    | Noticed a curse toe
 57863 | Zot:3    | HP: 6/197 [Josephina/staff of cold (10)]
 57865 | Zot:3    | Killed from afar by Josephina

Illustrated notes

Levels and vault maps discovered:
D:1:      psy_arrival_spokes, layout_loops_ring, dk_noncrumbling_2,
          nicolae_concentric_dashed_squares_wild, due_unseen_surprise
D:2:      layout_basic, minmay_statues_item
D:3:      layout_loops_ring, serial_shops, shop
D:4:      layout_basic, mainiacjoe_overflow_concentric_impassable,
          minmay_overflow_temple_star_quad, xom_butterflies, serial_shops,
          nicolae_shop_crystal, roderic_roman_lattice, kennysheep_donut,
          nicolae_elemental_shop, uniq_sigmund, uniq_edmund
D:5:      layout_basic
D:6:      layout_basic, minmay_temple_entry_statues_pillars, grunt_potential
D:7:      layout_basic, mainiacjoe_overflow_small_starburst, serial_park_tiny_2,
          kennysheep_pointless_box, uniq_joseph
D:8:      layout_loops_cross, nicolae_dithmenos_the_darkroom,
          chequers_serial_rivers_micro_c, dreamdust_princess_corridor,
          grunt_decor_one_mirror, hangedman_abyss_or_decor_stagger,
          minmay_misc_feat_roman, st_stairs_8, uniq_jeremiah, uniq_erica
D:9:      layout_basic, tso_oasis_becter, nicolae_specific_store,
          kennysheep_decorative_pillar, grunt_decor_arrowhead,
          hangedman_tell_no_tales, uniq_grum, uniq_maurice
D:10:     layout_basic
D:11:     layout_roguey, lair_entry_dummy
D:12:     layout_cave_pools, david_orc_5, uniq_kirke, uniq_urug, uniq_nessos
D:13:     layout_cave_pools
D:14:     layout_roguey, hellmonk_vaults_keyhole, minmay_misc_feat_alley,
          serial_shops, nicolae_shop_tiny_statue_garden,
          nicolae_inconvenience_store
D:15:     gammafunk_depths_entry_grave, layout_loops_ring,
          nicolae_ru_sacrificial_ziggurat, minmay_hidden_floor
Temple:   compressed_dpeg_circular_temple
Lair:1:   layout_chaotic_city
Lair:2:   layout_cave_pods, cheibrodos_lair_reptile_den,
          infiniplex_staircase_pool, grunt_megastairs_5, uniq_gastronok
Lair:3:   layout_regular_city, minmay_shoals_entry_centaurs,
          guppyfry_snake_entry_garden, gammafunk_ghost_hive, disabler_island
Lair:4:   layout_regular_city, minmay_slime_entry_oklob_open,
          kennysheep_catoblepas_arena, infiniplex_staircase_pool_2
Lair:5:   due_jungle_book, layout_loops_ring, basic_altar
Shoals:1: layout_shoals, serial_shops, bzr_firewalk, ebering_ghost_gozag
Shoals:2: nicolae_shoals_lighthouse, layout_shoals,
          nicolae_shoals_pincushion_passage
Shoals:3: layout_shoals, serial_shops, nicolae_shop_stone
Shoals:4: shoals_end_hellmonk_holy_island
Snake:1:  layout_cave_pods, serial_shops, shop, nicolae_triple_integral
Snake:2:  layout_basic, grunt_megastairs_3
Snake:3:  layout_cave_pods
Snake:4:  johnstein_snake_rune_scales, layout_cave_town, grunt_megastairs_2
Slime:1:  layout_caves, nicolae_slime_barrier
Slime:2:  layout_caves, cheibrodos_slime_lost_civilization_4
Slime:3:  layout_caves
Slime:4:  cheibrodos_slime_lost_civilization_1, layout_caves
Slime:5:  slime_pit_nicolae_trefoil
Orc:1:    layout_caves
Orc:2:    st_orc_congregation, layout_diamond_mine, serial_shops, shop,
          nooodl_orcs_dogs, uniq_saint_roka, uniq_rupert
Elf:1:    layout_loops_ring, serial_shops, nicolae_shop_bloodbath_and_beyond,
          hangedman_elf_disciples, dreamdust_wishing_well, nicolae_wwwww,
          minmay_shop_star
Elf:2:    elven_hall_of_blades_hangedman_alternative [grunt_blade_entry_basic],
          layout_geoelf_octagon, minmay_shoptagon, uniq_roxanne, uniq_agnes
Elf:3:    elf_hall, layout_geoelf_grid
Vaults:1: vaults_room_hallway, v_rooms_3, hangedman_vaults_stagger,
          ontoclasm_vaults_ring_small, nicolae_vaults_trapezoid_lopsided_4,
          nicolae_vaults_storage_room_statues, v_misc_25,
          vaults_mumra_minichess, nicolae_vaults_house_1,
          vaults_dpeg_emergency_exit, vaults_room_corners,
          layout_vaults_quadrants, enter_trove_2, uniq_asterion
Vaults:2: nicolae_vaults_tangram_2, nicolae_vaults_six-pack,
          ontoclasm_vaults_pinch, nicolae_vaults_offset_grid_hallway_2,
          nicolae_vaults_meiosis, nicolae_vaults_network_quinsquares
          [nicolae_vaults_network_quincunx_subvault,
          nicolae_vaults_network_quincunx_subvault,
          nicolae_vaults_network_quincunx_subvault,
          nicolae_vaults_network_quincunx_subvault], nicolae_vaults_prndl,
          nicolae_vaults_heart-shaped_vault, vaults_room_boxed,
          nicolae_vaults_diamond_2, dpeg_vaults_monster_row,
          vaults_room_door_ring, layout_vaults_ring, uniq_zenata, uniq_norris
Vaults:3: nicolae_vaults_heart-shaped_vault, nicolae_vaults_little_squares_3,
          minmay_crypt_entry_simple_statues, v_pattern_1,
          nicolae_vaults_ninety_degrees, vaults_room_door_hall,
          nicolae_vaults_wine_cellar, nicolae_vaults_big_ls, vaults_mumra_lcd,
          layout_vaults_chaotic_city, serial_shops,
          nicolae_shop_real_fake_doors, uniq_frederick
Vaults:4: vaults_room_large_hall, v_alt_pattern_2, v_misc_15,
          nicolae_vaults_more_shelving_2, nicolae_vaults_closet_pinwheel_3,
          nicolae_vaults_angled_halls, nicolae_vaults_six-pack,
          nicolae_vaults_cochlea, nicolae_vaults_stepped_doors, v_misc_5,
          nicolae_vaults_layer_cake_slice, nicolae_vaults_double_plus_2,
          layout_vaults_big_cross
Depths:1: layout_basic, enter_ziggurat_b, hell_entry,
          hangedman_research_thanatology
Depths:2: minmay_guarded_unrand_majin_bo, layout_cross,
          nemelex_xobeh_ov_fountains_minmay, hell_entry, pan_entry, abyss_entry,
          nrook_mini_backslash
Depths:3: constructs_gauntlet_mu_hangedman, layout_cave_pools,
          hangedman_abyss_entry_splay, grunt_mini_vestibule, serial_shops, shop,
          columned_hall_lemuel
Depths:4: grunt_zot_entry_tricorne, layout_basic, minivault_14, hell_entry
Zot:1:    layout_basic
Zot:2:    layout_onion, hangedman_zot_decor_slant, uniq_tiamat, uniq_vv
Zot:3:    layout_cellular_growth
Zot:4:    grunt_deathspiral_small, layout_onion, grunt_ministairs_9,
          uniq_josephina

Skill      XL: |  1  2  3  4  5  6  7  8  9 10 11 12 13 14 15 16 17 18 19 20 21 22 23 |
---------------+----------------------------------------------------------------------+-----
Unarmed Combat | 4 5 6 9 11 12 13 15 17 18 19 20 21 | 21.0
Shapeshifting  | 4 5 6 7 8 10 | 10.0
Fighting       | 2 3 4 5 8 11 14 17 18 19 20 21 23 | 23.0
Dodging        | 3 4 0 |  0.0
Evocations     | 2 3 5 6 9 10 11 15 16 17 | 17.0
Translocations | 2 4 |  4.0
Shields        | 10 13 14 15 | 15.0
Throwing       | 3 10 14 16 17 | 17.1
Transmutations | 5 6 10 | 10.0
Spellcasting   | 2 |  2.0
Earth Magic    | 3 4 |  4.0

Action                     |  1- 3 |  4- 6 |  7- 9 | 10-12 | 13-15 | 16-18 | 19-21 | 22-24 || total
---------------------------+-------+-------+-------+-------+-------+-------+-------+-------++-------
  Melee: Unarmed           |    90 |   108 |   331 |   703 |  1369 |  1261 |  1381 |   766 ||  6009
         Tailslap          |    14 |    11 |    68 |   147 |   292 |   196 |   327 |   185 ||  1240
         Punch             |     2 |     1 |     2 |       |    60 |    11 |       |       ||    76
         Maw               |       |       |       |       |    34 |   343 |   549 |   306 ||  1232
  Throw: Dart              |       |     2 |     1 |       |     2 |     6 |       |       ||    11
         Throwing net      |       |       |       |       |     1 |       |       |     3 ||     4
         Javelin           |       |       |       |       |       |       |    64 |    48 ||   112
   Cast: Wereblood         |       |       |       |       |       |       |    34 |    13 ||    47
 Invoke: Sacrifice Stealth |       |       |     1 |       |       |       |       |       ||     1
         Sacrifice Nimblen |       |       |       |     1 |       |       |       |       ||     1
         Apocalypse        |       |       |       |     2 |    12 |    20 |    15 |     9 ||    58
         Sacrifice Essence |       |       |       |     1 |       |       |       |       ||     1
         Sacrifice Purity  |       |       |       |       |     2 |       |       |       ||     2
         Sacrifice Arcana  |       |       |       |       |     1 |       |       |       ||     1
         Power Leap        |       |       |       |       |       |       |     2 |       ||     2
Ability: Breathe Frost     |       |       |     3 |     1 |       |     1 |       |       ||     5
  Evoke: Wand              |       |       |       |     9 |     4 |    13 |       |     1 ||    27
         Lightning rod     |       |       |       |     4 |    10 |       |       |       ||    14
         Box of beasts     |       |       |       |       |       |     1 |     2 |     3 ||     6
         Phantom mirror    |       |       |       |       |       |       |     1 |     2 ||     3
         Phial of floods   |       |       |       |       |       |       |     1 |       ||     1
    Use: Potion            |       |     3 |       |     1 |     3 |     1 |     4 |     3 ||    15
         Scroll            |       |     2 |     5 |     5 |     9 |     8 |     1 |     8 ||    38
   Stab: Sleeping          |     1 |       |       |       |       |       |       |       ||     1
         Paralysed         |       |       |       |     6 |    26 |    29 |    24 |    29 ||   114
         Invisible         |       |       |       |     5 |    19 |     7 |    10 |     1 ||    42
         Distracted        |       |       |       |     2 |     6 |     3 |     5 |     2 ||    18
         Petrified         |       |       |       |       |     4 |       |       |       ||     4
         Held in net/web   |       |       |       |       |     1 |       |       |     2 ||     3
         Confused          |       |       |       |       |     2 |       |       |       ||     2
 Armour: Skin              |    43 |    56 |   187 |   387 |   905 |   825 |   810 |   695 ||  3908
  Dodge: Dodged            |    52 |    45 |   173 |   257 |   472 |   344 |   261 |   243 ||  1847
  Block: Other             |       |     8 |    70 |    75 |   152 |    17 |       |       ||   322
         Reflection        |       |       |       |     3 |    11 |   103 |    37 |       ||   154
         Kite shield       |       |       |       |       |       |   829 |   747 |       ||  1576
         Buckler           |       |       |       |       |       |       |    52 |   239 ||   291
   Form: Flux              |       |       |     1 |       |     3 |       |       |       ||     4
                           |       |       |       |       |     3 |       |       |       ||     3
         Maw               |       |       |       |       |     1 |       |       |       ||     1

Table legend: (Time is in decaauts)
 A = Elapsed time spent in this place.
 B = Non-inter-level travel time spent in this place.
 C = Inter-level travel time spent in this place.
 D = Time resting spent in this place.
 E = Time spent auto-exploring this place.
 F = Levels seen in this place.
 G = Mean time per level.
                   A        B        C        D        E       F      G
               +--------+--------+--------+--------+--------+-----+--------+
         Total |  56699 |  51446 |   5253 |  10124 |  30196 |  52 | 1090.4 |
       Dungeon |  17833 |  15931 |   1902 |   3671 |   9376 |  15 | 1188.9 |
        Temple |     62 |     11 |     51 |      0 |      0 |   1 |   62.0 |
          Lair |   9170 |   8027 |   1143 |   1810 |   4923 |   5 | 1834.0 |
        Shoals |   4880 |   4643 |    237 |   1052 |   2024 |   4 | 1220.0 |
     Snake Pit |   4055 |   3817 |    238 |    350 |   2621 |   4 | 1013.8 |
    Slime Pits |   1357 |   1220 |    137 |    327 |    431 |   5 |  271.4 |
  Orcish Mines |   2079 |   1833 |    246 |    386 |    902 |   2 | 1039.5 |
   Elven Halls |   3477 |   3288 |    189 |    442 |   2079 |   3 | 1159.0 |
        Vaults |   5907 |   5599 |    308 |    568 |   3934 |   4 | 1476.8 |
        Depths |   4016 |   3497 |    519 |    567 |   1956 |   4 | 1004.0 |
           Zot |   3781 |   3502 |    279 |    949 |   1901 |   4 |  945.2 |
        Bazaar |     78 |     78 |      0 |      0 |     45 |   1 |   78.0 |
               +--------+--------+--------+--------+--------+-----+--------+

Top non-repeatable levels by time:
  Lair:5: 3332 daAuts
    D:14: 2005 daAuts
     D:9: 1801 daAuts
    D:11: 1725 daAuts
  Lair:2: 1711 daAuts
Vaults:3: 1654 daAuts
     D:8: 1640 daAuts
   Zot:1: 1638 daAuts
  Lair:4: 1542 daAuts
Vaults:2: 1508 daAuts
Depths:3: 1506 daAuts
    D:15: 1490 daAuts
Shoals:2: 1479 daAuts
Vaults:1: 1476 daAuts
   Orc:2: 1429 daAuts
